TOP OF THE 1ST |
Ontario Emus batting - Pitching for Pueblo Prairie Dogs : LHP Salvatorio Navegero
|
Pitching: LHP Salvatorio Navegero
|
|
Batting: RHB Álex Ochoa
|
0-0: Ball 1-0: Ball 2-0: Ball 3-0: Base on Balls
|
Batting: RHB James Hunter
|
0-0: Ball 1-0: Called Strike 1-1: Foul Ball, location: 2F 1-2: Ball 2-2: Fly out, F9 (Flyball, 9LM)
|
Batting: RHB Ánibal Soto
|
0-0: Ball Álex Ochoa is caught stealing 2nd base 1-0: Called Strike 1-1: Foul Ball, location: 2F 1-2: Ball 2-2: Strikes out swinging
|
Top of the 1st over - 0 run(s), 0 hit(s), 0 error(s), 0 left on base; Ontario 0 - Pueblo 0 |
BOTTOM OF THE 1ST |
Pueblo Prairie Dogs batting - Pitching for Ontario Emus : RHP Ryan Allen
|
Pitching: RHP Ryan Allen
|
|
Batting: RHB António López
|
0-0: DOUBLE (Line Drive, 7LS)
|
Batting: RHB Manny Herrera
|
0-0: Ground out 5-3 (Groundball, 5L)
|
Batting: SHB José Flores
|
0-0: Called Strike António López is caught stealing 3rd base 0-1: Hit by Pitch
|
Batting: RHB Alan Evans
|
0-0: Ball 1-0: Called Strike 1-1: Ball 2-1: Swinging Strike 2-2: Foul Ball, location: 2F 2-2: Strikes out swinging
|
Bottom of the 1st over - 0 run(s), 1 hit(s), 0 error(s), 1 left on base; Ontario 0 - Pueblo 0 |
TOP OF THE 2ND |
Ontario Emus batting - Pitching for Pueblo Prairie Dogs : LHP Salvatorio Navegero
|
Batting: RHB Júlio Colón
|
0-0: Ball 1-0: SINGLE (Flyball, 7LM)
|
Batting: RHB Álex Martínez
|
0-0: Ball 1-0: Ball 2-0: Foul Ball, location: 2F 2-1: Foul Ball, location: 2F 2-2: Strikes out swinging
|
Batting: RHB Albert Galindo
|
0-0: Ball 1-0: Ball 2-0: Ball 3-0: Called Strike 3-1: Foul Ball, location: 2F 3-2: Foul Ball, location: 2F 3-2: Base on Balls Júlio Colón to second
|
Batting: RHB John Robertson
|
0-0: DOUBLE (Groundball, 3L) Júlio Colón scores Albert Galindo to third Runner from 3rd tries for Home, throw and OUT!
|
Batting: SHB Darrel Lang
|
0-0: Ball 1-0: Foul Ball, location: 2F 1-1: Ball 2-1: Ball 3-1: Foul Ball, location: 2F 3-2: Fly out, F3 (Popup, 3SF)
|
Top of the 2nd over - 1 run(s), 2 hit(s), 0 error(s), 1 left on base; Ontario 1 - Pueblo 0 |
BOTTOM OF THE 2ND |
Pueblo Prairie Dogs batting - Pitching for Ontario Emus : RHP Ryan Allen
|
Batting: RHB José Zumaya
|
0-0: Called Strike 0-1: Called Strike 0-2: Foul Ball, location: 2F 0-2: Foul Ball, location: 2F 0-2: Strikes out swinging
|
Batting: LHB Tomás Salgado
|
0-0: Called Strike 0-1: Ball 1-1: Ball 2-1: Ground out 6-3 (Groundball, 6)
|
Batting: LHB Salvatorio Navegero
|
0-0: Ball 1-0: Foul Ball, location: 2F 1-1: Fly out, F7 (Flyball, 7M)
|
Bottom of the 2nd over - 0 run(s), 0 hit(s), 0 error(s), 0 left on base; Ontario 1 - Pueblo 0 |
TOP OF THE 3RD |
Ontario Emus batting - Pitching for Pueblo Prairie Dogs : LHP Salvatorio Navegero
|
Batting: LHB Elvin Summers
|
0-0: Ball 1-0: Called Strike 1-1: Called Strike 1-2: Ball 2-2: Foul Ball, location: 2F 2-2: Ball 3-2: Reached on error, E4 (Groundball, 4M)
|
Batting: RHB Álex Ochoa
|
0-0: Ball Passed Ball! Elvin Summers to third 1-0: Called Strike 1-1: Ball 2-1: DOUBLE (Line Drive, 7M) Elvin Summers scores
|
Batting: RHB James Hunter
|
0-0: Foul Ball, location: 2F 0-1: Swinging Strike 0-2: Strikes out swinging
|
Batting: RHB Ánibal Soto
|
0-0: Ball 1-0: Swinging Strike 1-1: Ball 2-1: Fly out, F8 (Flyball, 8LM)
|
Batting: RHB Júlio Colón
|
0-0: Ground out 6-3 (Groundball, 6)
|
Top of the 3rd over - 1 run(s), 1 hit(s), 1 error(s), 1 left on base; Ontario 2 - Pueblo 0 |
BOTTOM OF THE 3RD |
Pueblo Prairie Dogs batting - Pitching for Ontario Emus : RHP Ryan Allen
|
Batting: LHB William Romero
|
0-0: Swinging Strike 0-1: Called Strike 0-2: Ball 1-2: Ball 2-2: Strikes out looking
|
Batting: RHB Jorge Vázquez
|
0-0: Called Strike 0-1: Foul Ball, location: 2F 0-2: Strikes out swinging
|
Batting: RHB António López
|
0-0: Foul Ball, location: 2F 0-1: Ball 1-1: Called Strike 1-2: Ball 2-2: Foul Ball, location: 2F 2-2: Foul Ball, location: 2F 2-2: SINGLE (Groundball, 56D)
|
Batting: RHB Manny Herrera
|
0-0: Called Strike 0-1: Ball 1-1: Ball 2-1: SINGLE (Groundball, 56) António López to second
|
Batting: SHB José Flores
|
0-0: Foul Ball, location: 2F 0-1: SINGLE (Groundball, 4MD) António López to third Manny Herrera to second Runner from 3rd tries for Home, SAFE, no throw or cutoff
|
Batting: RHB Alan Evans
|
0-0: Called Strike 0-1: Ball 1-1: Called Strike 1-2: Fly out, F9 (Flyball, 9LMF)
|
Bottom of the 3rd over - 1 run(s), 3 hit(s), 0 error(s), 2 left on base; Ontario 2 - Pueblo 1 |
TOP OF THE 4TH |
Ontario Emus batting - Pitching for Pueblo Prairie Dogs : LHP Salvatorio Navegero
|
Batting: RHB Álex Martínez
|
Reached via error on a dropped throw, E3
|
Batting: RHB Albert Galindo
|
0-0: Foul Ball, location: 2F 0-1: Ball 1-1: Called Strike 1-2: Strikes out swinging
|
Batting: RHB John Robertson
|
0-0: Ball 1-0: DOUBLE (Line Drive, 7LS) Álex Martínez to third
|
Batting: SHB Darrel Lang
|
0-0: Swinging Strike 0-1: Ball 1-1: Fly out, F2 (Popup, 2LF)
|
Batting: LHB Elvin Summers
|
0-0: Called Strike 0-1: Ball 1-1: Called Strike 1-2: Ball 2-2: Ball 3-2: Foul Ball, location: 2F 3-2: Ground out 4-3 (Groundball, 34)
|
Top of the 4th over - 0 run(s), 1 hit(s), 1 error(s), 2 left on base; Ontario 2 - Pueblo 1 |
BOTTOM OF THE 4TH |
Pueblo Prairie Dogs batting - Pitching for Ontario Emus : RHP Ryan Allen
|
Batting: RHB José Zumaya
|
0-0: Ball 1-0: Fly out, F9 (Flyball, 9M)
|
Batting: LHB Tomás Salgado
|
0-0: Ball 1-0: Foul Ball, location: 2F 1-1: Foul Ball, location: 2F 1-2: Ball 2-2: Fly out, F8 (Flyball, 8LXD)
|
Batting: LHB Salvatorio Navegero
|
0-0: Called Strike 0-1: Swinging Strike 0-2: Ball 1-2: Strikes out swinging
|
Bottom of the 4th over - 0 run(s), 0 hit(s), 0 error(s), 0 left on base; Ontario 2 - Pueblo 1 |
TOP OF THE 5TH |
Ontario Emus batting - Pitching for Pueblo Prairie Dogs : LHP Salvatorio Navegero
|
Batting: RHB Álex Ochoa
|
0-0: Called Strike 0-1: Ball 1-1: SINGLE (Flyball, 9LM)
|
Batting: RHB James Hunter
|
0-0: Ball 1-0: Foul Ball, location: 2F 1-1: Ball 2-1: Fly out, F7 (Line Drive, 7D)
|
Batting: RHB Ánibal Soto
|
0-0: Called Strike Álex Ochoa steals 2nd base 0-1: Ball 1-1: Foul Ball, location: 2F 1-2: Foul Ball, location: 2F 1-2: Ground out 5-3 (Groundball, 56)
|
Pitching: LHP Enrique Hernández
|
|
Batting: RHB Júlio Colón
|
0-0: Ball 1-0: Ball Álex Ochoa steals 3rd base 2-0: Ball Wild Pitch! Álex Ochoa scores 3-0: Called Strike 3-1: Called Strike 3-2: Strikes out swinging
|
Top of the 5th over - 1 run(s), 1 hit(s), 0 error(s), 0 left on base; Ontario 3 - Pueblo 1 |
BOTTOM OF THE 5TH |
Pueblo Prairie Dogs batting - Pitching for Ontario Emus : RHP Ryan Allen
|
Batting: LHB William Romero
|
0-0: Foul Ball, location: 2F 0-1: Ball 1-1: Swinging Strike 1-2: Ball 2-2: Foul Ball, location: 2F 2-2: Ball 3-2: Strikes out looking
|
Batting: RHB Jorge Vázquez
|
0-0: Swinging Strike 0-1: Called Strike 0-2: Strikes out swinging
|
Batting: RHB António López
|
0-0: Ball 1-0: Called Strike 1-1: Ground out 5-3 (Groundball, 15S)
|
Bottom of the 5th over - 0 run(s), 0 hit(s), 0 error(s), 0 left on base; Ontario 3 - Pueblo 1 |
BOTTOM OF THE 6TH |
Pueblo Prairie Dogs batting - Pitching for Ontario Emus : RHP Ryan Allen
|
Batting: RHB Manny Herrera
|
0-0: Fly out, F7 (Line Drive, 7LM)
|
Batting: RHB Nakamaro Uenohara
|
0-0: Ball 1-0: Called Strike 1-1: Ground out 3-1 (Groundball, 34)
|
Batting: RHB Alan Evans
|
0-0: Ground out U3 (Groundball, 3L)
|
Bottom of the 6th over - 0 run(s), 0 hit(s), 0 error(s), 0 left on base; Ontario 4 - Pueblo 1 |
TOP OF THE 7TH |
Ontario Emus batting - Pitching for Pueblo Prairie Dogs : LHP Enrique Hernández
|
Batting: RHB James Hunter
|
0-0: SINGLE (Groundball, 56D)
|
Batting: RHB Ánibal Soto
|
0-0: Called Strike 0-1: Called Strike 0-2: Ball 1-2: Fly out, F8 (Flyball, 8RS)
|
Batting: RHB Júlio Colón
|
0-0: Called Strike 0-1: Ball 1-1: Called Strike 1-2: Ground out 5-3 (Groundball, 5S) James Hunter to second
|
Batting: RHB Álex Martínez
|
0-0: Ball 1-0: Ball 2-0: Ball 3-0: Base on Balls
|
Batting: RHB Albert Galindo
|
0-0: Ball 1-0: Foul Ball, location: 2F 1-1: Fielders Choice at 2nd, U6 (Groundball, 6M)
|
Top of the 7th over - 0 run(s), 1 hit(s), 0 error(s), 2 left on base; Ontario 4 - Pueblo 1 |
BOTTOM OF THE 7TH |
Pueblo Prairie Dogs batting - Pitching for Ontario Emus : RHP Ryan Allen
|
Batting: RHB José Zumaya
|
0-0: Ball 1-0: Called Strike 1-1: Called Strike 1-2: Ball 2-2: Foul Ball, location: 2F 2-2: Foul Ball, location: 2F 2-2: Ball 3-2: Reached on error, E6 (Groundball, 6)
|
Pitching: RHP Ánibal Hernández
|
|
Batting: LHB Tomás Salgado
|
0-0: Swinging Strike 0-1: Ball 1-1: Called Strike 1-2: Foul Ball, location: 2F 1-2: Strikes out swinging
|
Batting: LHB Salvatorio Navegero
|
0-0: Called Strike 0-1: Foul Ball, location: 2F 0-2: Strikes out swinging
|
Batting: LHB William Romero
|
0-0: Ball 1-0: Foul Ball, location: 2F 1-1: Ball 2-1: Called Strike 2-2: Strikes out swinging
|
Bottom of the 7th over - 0 run(s), 0 hit(s), 1 error(s), 1 left on base; Ontario 4 - Pueblo 1 |
TOP OF THE 8TH |
Ontario Emus batting - Pitching for Pueblo Prairie Dogs : LHP Enrique Hernández
|
Pitching: LHP Javier Rodríguez
|
|
Batting: RHB John Robertson
|
0-0: DOUBLE (Line Drive, 9LM)
|
Batting: SHB Darrel Lang
|
0-0: Intentional Walk
|
Batting: LHB Elvin Summers
|
0-0: Ball 1-0: Called Strike 1-1: Ball 2-1: Bunted foul 2-2: Foul Ball, location: 2F 2-2: Ball 3-2: Fly out, F6 (Popup, 5D)
|
Batting: RHB Álex Ochoa
|
0-0: Ball 1-0: Ball 2-0: Ball 3-0: Called Strike 3-1: Called Strike 3-2: Strikes out swinging
|
Batting: RHB James Hunter
|
0-0: Ball 1-0: Ball 2-0: Called Strike 2-1: Ball 3-1: Called Strike 3-2: Foul Ball, location: 2F 3-2: Foul Ball, location: 2F 3-2: Base on Balls John Robertson to third Darrel Lang to second
|
Pinch Hitting: RHB Jaime Hernández
|
0-0: Ball 1-0: Swinging Strike 1-1: Foul Ball, location: 2F 1-2: SINGLE (Line Drive, 78S) John Robertson scores Darrel Lang to third James Hunter to second Runner from 3rd tries for Home, SAFE, no throw or cutoff
|
Pitching: RHP Julião Edwards
|
|
Batting: RHB Júlio Colón
|
0-0: Fly out, F7 (Flyball, 78M)
|
Top of the 8th over - 2 run(s), 2 hit(s), 0 error(s), 2 left on base; Ontario 6 - Pueblo 1 |
BOTTOM OF THE 8TH |
Pueblo Prairie Dogs batting - Pitching for Ontario Emus : RHP Ánibal Hernández
|
Now at 2B: Jack Crossey
|
|
Batting: RHB Jorge Vázquez
|
0-0: Called Strike 0-1: Swinging Strike 0-2: Ball 1-2: Strikes out looking
|
Batting: RHB António López
|
0-0: Ball 1-0: Ball 2-0: Foul Ball, location: 2F 2-1: Ball 3-1: Called Strike 3-2: Fly out, F4 (Line Drive, 4)
|
Batting: RHB Manny Herrera
|
0-0: Ground out 6-3 (Groundball, 6)
|
Bottom of the 8th over - 0 run(s), 0 hit(s), 0 error(s), 0 left on base; Ontario 6 - Pueblo 1 |
TOP OF THE 9TH |
Ontario Emus batting - Pitching for Pueblo Prairie Dogs : RHP Julião Edwards
|
Batting: RHB Álex Martínez
|
0-0: Ball 1-0: Ground out 4-3 (Groundball, 4)
|
Batting: RHB Albert Galindo
|
0-0: Called Strike 0-1: Ball 1-1: Swinging Strike 1-2: Ground out 5-3 (Groundball, 5S)
|
Batting: RHB John Robertson
|
0-0: Called Strike 0-1: Swinging Strike 0-2: Fly out, F8 (Line Drive, 8RM)
|
Top of the 9th over - 0 run(s), 0 hit(s), 0 error(s), 0 left on base; Ontario 6 - Pueblo 1 |
BOTTOM OF THE 9TH |
Pueblo Prairie Dogs batting - Pitching for Ontario Emus : RHP Ánibal Hernández
|
Now in LF: César Maldonado
|
|
Batting: RHB Nakamaro Uenohara
|
0-0: Ground out 4-3 (Groundball, 4)
|
Batting: RHB Alan Evans
|
0-0: Ball 1-0: Called Strike 1-1: Ball 2-1: DOUBLE (Flyball, 8LXD)
|
Batting: RHB José Zumaya
|
0-0: 2-RUN HOME RUN (Flyball, 89XD), Distance : 419 ft
|
Pitching: LHP Walt MacKey
|
|
Batting: LHB Tomás Salgado
|
0-0: Ball 1-0: Called Strike 1-1: Swinging Strike 1-2: Strikes out looking
|
Batting: LHB Salvatorio Navegero
|
0-0: Ball 1-0: Foul Ball, location: 2F 1-1: Called Strike 1-2: Ball 2-2: Strikes out looking
|
Bottom of the 9th over - 2 run(s), 2 hit(s), 0 error(s), 0 left on base; Ontario 6 - Pueblo 3 |
|